AoeStats
← pedrazziniguido

Arena

510176018Analyzed
1v1 RM · 1d ago on Sep 29, 2026· 56m 25s· 2 players
Game mode
Random Map
Map size
Tiny (2 player)
Population
200
Speed
Normal
Resources
Standard
Victory
Conquest
Starting age
Dark Age
Ending age
Imperial Age
RankedLock teamsTeams togetherTeam positionsShared explorationLock speedFull tech treeHidden civsTurbo modeCheats
Victory
Defeat
🇦🇷 Britons · Argentina
1073
+17
🇩🇪 Persians · Germany
1091
-17
pedrazziniguido
11:28 Feudal Age
15:26 Castle Age
13:20 Double-Bit Axe
15:51 Horse Collar
16:29 Bow Saw
21:51 Loom
23:27 Heavy Plow
25:05 Wheelbarrow
26:38 Ballistics
29:23 Imperial Age
26:53 Fletching
26:57 Pikeman
27:38 Squires
27:49 Crossbowman
29:05 Hand Cart
28:55 Padded Archer Armor
29:10 Bodkin Arrow
31:01 Conscription
30:43 Arbalester
31:29 Bracer
32:51 Masonry
32:40 Halberdier
33:41 Scale Mail Armor
33:51 Forging
34:30 Leather Archer Armor
34:37 Chain Mail Armor
35:34 Two-Man Saw
36:15 Chemistry
35:45 Architecture
37:40 Plate Mail Armor
37:45 Iron Casting
37:41 Ring Archer Armor
38:15 Scale Barding Armor
38:57 Yeomen
39:02 Light Cavalry
39:42 Husbandry
41:55 Blast Furnace
42:04 Arson
42:52 Gold Mining
42:53 Stone Mining
42:51 Town Watch
44:18 Chain Barding Armor
55:31 Guard Tower
55:53 Fortified Wall
Mihawk
10:07 Feudal Age
13:37 Castle Age
11:39 Double-Bit Axe
12:13 Horse Collar
21:07 Heavy Plow
22:20 Stone Mining
22:24 Gold Mining
23:04 Town Watch
24:00 Bow Saw
29:01 Imperial Age
27:09 Wheelbarrow
27:00 Bloodlines
26:51 Husbandry
27:00 Scale Barding Armor
27:06 Forging
27:03 Town Patrol
27:16 Loom
28:13 Gold Shaft Mining
28:34 Stone Mining
32:17 Imperial Age
30:35 Ballistics
30:48 Chain Barding Armor
31:27 Iron Casting
31:53 Cavalier
33:09 Plate Barding Armor
33:40 Chemistry
32:51 Kamandaran
32:36 Crossbowman
34:25 Blast Furnace
33:34 Savar
34:08 Elite Skirmisher
34:51 Fletching
35:41 Hand Cart
40:33 Bodkin Arrow
40:38 Padded Archer Armor
41:16 Thumb Ring
49:26 Parthian Tactics
56:07 Two-Man Saw
56:07 Crop Rotation
55:57 Leather Archer Armor
Connection lost

Rejoining the realm…

Still unreachable

The connection could not be restored.

Session expired

The server has moved on; the page needs a fresh start.